General information
			
			
        
        - name: BNet
 
        - type: Ladder team game (AT/RT)
 
        - host: Battle.net
 
        - saver: Lord_Daleron
 
        
map: ExcavationSite 
        - players: 4
 
        - length: 38:45
 
        - speed: Fast
 - version: 1.22 W3XP
 - replay type:  Public
 
» download(186 KB)
Players
        team 1 (loser) 
              
              
» 
roca-unit (
red | 92 APM | 3562 actions | 38:41)
              
 4 Death Knight 
 2 Death Coil
 2 Unholy Aura
 4 Dreadlord 
 2 Sleep
 2 Vampiric Aura
 
                » actions 
                
                | Assign group hotkey | 30 |  | 
| Basic commands | 137 |  | 
| Build / train | 77 |  | 
| ESC pressed | 6 |  | 
| Enter build submenu | 25 |  | 
| Enter hero's abilities submenu | 8 |  | 
| Right click | 1590 |  | 
| Select / deselect | 551 |  | 
| Select group hotkey | 1054 |  | 
| Use ability | 84 |  | 
                3562 total
 » units 
                
                | Acolyte | 15 |  | 
| Ghoul | 22 |  | 
| Meatwagon | 3 |  | 
| Abomination | 6 |  | 
| Obsidian Statue | 1 |  | 
| Frost Wyrm | 1 |  | 
                48 total
 » upgrades
                
                | Unholy Strength | 2 |  | 
| Unholy Armor | 1 |  | 
| Ghoul Frenzy | 1 |  | 
| Disease Cloud | 1 |  | 
| Freezing Breath | 1 |  | 
                6 total
 » buildings
                
                | Crypt | 1 |  | 
| Ziggurat | 9 |  | 
| Altar of Darkness | 1 |  | 
| Graveyard | 1 |  | 
| Nerubian Tower | 1 |  | 
| Tomb of Relics | 2 |  | 
| Halls of the Dead | 2 |  | 
| Black Citadel | 3 |  | 
| Slaughterhouse | 2 |  | 
| Necropolis | 1 |  | 
| Spirit Tower | 1 |  | 
| Sacrificial Pit | 1 |  | 
| Boneyard | 1 |  | 
                26 total
 » build order
                00:07 Crypt
00:13 Ziggurat
00:36 Altar of Darkness
01:07 Graveyard
01:24 Ziggurat
02:09 Nerubian Tower
02:38 Tomb of Relics
02:42 Tomb of Relics
03:21 Halls of the Dead
03:21 Halls of the Dead
04:09 Ziggurat
05:53 Black Citadel
05:54 Black Citadel
06:34 Slaughterhouse
06:43 Slaughterhouse
09:34 Ziggurat
10:59 Ziggurat
13:26 Necropolis
16:07 Ziggurat
16:13 Ziggurat
16:18 Ziggurat
17:18 Spirit Tower
17:28 Ziggurat
19:04 Sacrificial Pit
19:58 Boneyard
» items
                 
               
              
              
» 
rX-EmcEE (
orange | 82 APM | 3195 actions | 38:43)
              
 5 Crypt Lord 
 2 Carrion Beetles
 2 Spiked Carapace
 1 Impale
 
                » actions 
                
                | Assign group hotkey | 83 |  | 
| Basic commands | 56 |  | 
| Build / train | 109 |  | 
| ESC pressed | 11 |  | 
| Enter build submenu | 18 |  | 
| Enter hero's abilities submenu | 6 |  | 
| Right click | 1973 |  | 
| Select / deselect | 427 |  | 
| Select group hotkey | 438 |  | 
| Use ability | 74 |  | 
                3195 total
 » units 
                
                | Acolyte | 18 |  | 
| Ghoul | 3 |  | 
| Crypt Fiend | 32 |  | 
| Obsidian Statue | 15 |  | 
| Meatwagon | 4 |  | 
| Frost Wyrm | 8 |  | 
                80 total
 » upgrades
                
                | Creature Attack | 3 |  | 
| Creature Carapace | 3 |  | 
| Web | 2 |  | 
| Destroyer Form | 1 |  | 
| Freezing Breath | 1 |  | 
                10 total
 » buildings
                
                | Altar of Darkness | 1 |  | 
| Ziggurat | 6 |  | 
| Crypt | 1 |  | 
| Graveyard | 1 |  | 
| Nerubian Tower | 2 |  | 
| Halls of the Dead | 1 |  | 
| Tomb of Relics | 1 |  | 
| Slaughterhouse | 1 |  | 
| Black Citadel | 1 |  | 
| Sacrificial Pit | 1 |  | 
| Boneyard | 1 |  | 
                17 total
 » build order
                00:04 Altar of Darkness
00:06 Ziggurat
00:31 Crypt
00:56 Graveyard
01:13 Ziggurat
02:10 Nerubian Tower
02:28 Ziggurat
04:56 Halls of the Dead
06:37 Ziggurat
06:43 Tomb of Relics
07:23 Ziggurat
07:27 Slaughterhouse
09:41 Black Citadel
10:17 Ziggurat
19:04 Nerubian Tower
19:37 Sacrificial Pit
20:58 Boneyard
» items
                
                | Scroll of Protection | 1 |  | 
| Potion of Healing | 3 |  | 
                4 total
  
               team 2 (winner) 
              
              
avid.milk2 (
blue | 54 APM | 2109 actions | 38:44)
              
 5 Pandaren Brewmaster 
 3 Breath of Fire
 2 Drunken Haze
 
                » actions 
                
                | Assign group hotkey | 12 |  | 
| Basic commands | 51 |  | 
| Build / train | 46 |  | 
| ESC pressed | 4 |  | 
| Enter build submenu | 103 |  | 
| Enter hero's abilities submenu | 5 |  | 
| Right click | 1298 |  | 
| Select / deselect | 289 |  | 
| Select group hotkey | 126 |  | 
| Use ability | 175 |  | 
                2109 total
 » units 
                » upgrades
                
                | Spiked Barricades | 2 |  | 
| Reinforced Defenses | 1 |  | 
                3 total
 » buildings
                
                | War Mill | 1 |  | 
| Orc Burrow | 3 |  | 
| Altar of Storms | 1 |  | 
| Watch Tower | 78 |  | 
| Voodoo Lounge | 2 |  | 
| Stronghold | 1 |  | 
| Fortress | 1 |  | 
                87 total
 » build order
                00:08 War Mill
00:14 Orc Burrow
00:51 Orc Burrow
01:43 Altar of Storms
02:05 Watch Tower
02:40 Watch Tower
03:10 Watch Tower
03:33 Watch Tower
03:41 Watch Tower
03:43 Watch Tower
04:13 Watch Tower
04:44 Watch Tower
04:49 Watch Tower
05:03 Watch Tower
05:24 Watch Tower
06:25 Watch Tower
06:30 Watch Tower
06:33 Watch Tower
06:37 Watch Tower
06:37 Watch Tower
06:41 Watch Tower
07:16 Watch Tower
07:20 Watch Tower
07:26 Watch Tower
07:28 Watch Tower
07:37 Watch Tower
07:52 Watch Tower
08:22 Watch Tower
08:23 Watch Tower
08:30 Orc Burrow
08:47 Watch Tower
08:57 Voodoo Lounge
09:03 Watch Tower
09:10 Watch Tower
09:29 Watch Tower
09:40 Watch Tower
09:43 Watch Tower
10:23 Watch Tower
10:26 Watch Tower
10:30 Watch Tower
10:34 Watch Tower
10:38 Watch Tower
10:39 Watch Tower
10:57 Watch Tower
11:01 Watch Tower
11:05 Watch Tower
12:05 Watch Tower
12:17 Watch Tower
13:14 Watch Tower
13:19 Watch Tower
13:28 Stronghold
14:34 Watch Tower
14:40 Watch Tower
14:56 Watch Tower
15:48 Watch Tower
16:13 Watch Tower
16:43 Watch Tower
16:45 Watch Tower
17:39 Watch Tower
17:45 Watch Tower
18:10 Watch Tower
18:11 Watch Tower
18:59 Watch Tower
19:10 Watch Tower
19:33 Voodoo Lounge
19:35 Watch Tower
19:51 Watch Tower
20:13 Watch Tower
20:32 Fortress
21:16 Watch Tower
21:18 Watch Tower
21:26 Watch Tower
21:27 Watch Tower
21:28 Watch Tower
21:30 Watch Tower
21:32 Watch Tower
21:39 Watch Tower
22:12 Watch Tower
22:18 Watch Tower
22:29 Watch Tower
22:31 Watch Tower
22:34 Watch Tower
22:35 Watch Tower
30:00 Watch Tower
30:07 Watch Tower
30:10 Watch Tower
30:20 Watch Tower
» items
                
                | Staff of Teleportation | 1 |  | 
| Moonstone | 1 |  | 
| Scroll of Town Portal | 4 |  | 
| Boots of Speed | 1 |  | 
| Scroll of Speed | 3 |  | 
| Orb of Lightning | 1 |  | 
| Potion of Mana | 1 |  | 
                12 total
  
               
              
              
Lord_Daleron (
pink | 66 APM | 2558 actions | 38:45)
              
 9 Pandaren Brewmaster 
 3 Breath of Fire
 3 Drunken Haze
 1 Storm Earth and Fire
 2 Drunken Brawler
 
                » actions 
                
                | Assign group hotkey | 33 |  | 
| Basic commands | 15 |  | 
| Build / train | 53 |  | 
| ESC pressed | 4 |  | 
| Enter build submenu | 54 |  | 
| Enter hero's abilities submenu | 10 |  | 
| Give item / drop item | 5 |  | 
| Right click | 1496 |  | 
| Select / deselect | 262 |  | 
| Select group hotkey | 411 |  | 
| Use ability | 215 |  | 
                2558 total
 » units 
                » upgrades
                
                | Nature's Blessing | 1 |  | 
| Well Spring | 1 |  | 
| Ultravision | 1 |  | 
| Strength of the Wild | 1 |  | 
| Reinforced Hides | 1 |  | 
                5 total
 » buildings
                
                | Moon Well | 48 |  | 
| Altar of Elders | 1 |  | 
| Tree of Ages | 1 |  | 
| Tree of Eternity | 1 |  | 
| Hunter's Hall | 1 |  | 
| Ancient of Wonders | 2 |  | 
| Tree of Life | 1 |  | 
| Ancient of Wind | 3 |  | 
                58 total
 » build order
                00:10 Moon Well
00:16 Moon Well
01:04 Altar of Elders
01:40 Moon Well
01:59 Moon Well
02:29 Moon Well
02:47 Moon Well
03:21 Moon Well
03:22 Moon Well
03:57 Moon Well
03:57 Moon Well
04:27 Tree of Ages
04:55 Moon Well
05:18 Moon Well
05:30 Moon Well
05:35 Moon Well
06:59 Tree of Eternity
07:59 Moon Well
08:00 Moon Well
08:04 Moon Well
08:06 Moon Well
08:07 Moon Well
08:19 Moon Well
08:22 Moon Well
09:04 Moon Well
09:05 Moon Well
09:09 Hunter's Hall
09:47 Ancient of Wonders
10:19 Moon Well
10:23 Moon Well
12:19 Moon Well
12:19 Moon Well
12:28 Moon Well
13:27 Moon Well
13:32 Moon Well
13:33 Moon Well
13:55 Moon Well
14:02 Moon Well
15:37 Moon Well
15:38 Moon Well
15:38 Moon Well
16:16 Ancient of Wonders
16:18 Moon Well
16:59 Tree of Life
21:20 Moon Well
21:20 Moon Well
21:22 Moon Well
21:22 Moon Well
23:03 Moon Well
26:43 Moon Well
26:43 Moon Well
26:44 Moon Well
26:46 Moon Well
26:46 Moon Well
26:47 Moon Well
28:30 Ancient of Wind
28:33 Ancient of Wind
28:37 Ancient of Wind
» items
                
                | Boots of Speed | 1 |  | 
| Moonstone | 1 |  | 
| Anti-magic Potion | 3 |  | 
| Orb of Venom | 1 |  | 
| Potion of Mana | 2 |  | 
| Staff of Teleportation | 1 |  | 
| Potion of Healing | 1 |  | 
| Scroll of Town Portal | 3 |  | 
| Orb of Lightning | 1 |  | 
| Potion of Invisibility | 1 |  | 
                15 total
  
                Chat log
          (00:19 / Allies) Lord_Daleron: abusers i bet
(00:20 / Allies) Lord_Daleron: filthy fags
(00:36 / Allies) Lord_Daleron: god this map is huge
(00:54 / Allies) Lord_Daleron: udud
(00:56 / Allies) Lord_Daleron: hrmm
(01:37 / Allies) Lord_Daleron: tower my base
(02:39 / Allies) Lord_Daleron: ur hero?
(02:55 / Allies) Lord_Daleron: lets try this one
(03:02 / Allies) Lord_Daleron: nvm
(03:08 / All) Lord_Daleron: actualyl yeah
(03:10 / Allies) Lord_Daleron: lets try it
(03:13 / All) roca-unit: ya
(03:44 / Allies) Lord_Daleron: b
(04:13 / Allies) Lord_Daleron: maphackign abusers
(05:43 / Allies) Lord_Daleron: ghouls
(05:45 / Allies) Lord_Daleron: focus ghouls
(08:39 / Allies) Lord_Daleron: get shop for orb
(08:46 / Allies) Lord_Daleron: also dont tower offensivley
(08:51 / Allies) Lord_Daleron: make them in blcos near mdi of bse
(09:34 / Allies) Lord_Daleron: u get staff i boots
(10:14 / Allies) Lord_Daleron: inc
(10:38 / Allies) Lord_Daleron: or not
(10:44 / Allies) avid.milk2: wut
(10:46 / Allies) Lord_Daleron: tower in tighter blocks
(10:48 / Allies) Lord_Daleron: liek 3c3
(11:48 / Allies) Lord_Daleron: careful
(11:48 / Allies) Lord_Daleron: sleep
(12:41 / Allies) Lord_Daleron: wagons and stats
(14:51 / Allies) Lord_Daleron: acos
(16:26 / All) Lord_Daleron: i work at the car wash
(16:46 / Allies) Lord_Daleron: get stats
(17:05 / Allies) Lord_Daleron: get night stone
(17:43 / Allies) Lord_Daleron: gogo no stats there
(18:25 / All) Lord_Daleron: u know what breath of ire has trouble with
(18:28 / All) Lord_Daleron: towers!
(18:30 / All) Lord_Daleron: ROFL JAYKAY
(18:54 / Allies) Lord_Daleron: its over theyre low  on gold
(19:20 / Allies) Lord_Daleron: get light borb
(19:47 / Allies) avid.milk2: heruntergeladens on
(19:52 / Allies) Lord_Daleron: hes also a bnob
(19:55 / Allies) Lord_Daleron: lol
(19:59 / Allies) Lord_Daleron: well get him with us after this
(20:08 / Allies) avid.milk2: finally just now got boots
(21:06 / All) Lord_Daleron: better expos soon lads
(21:07 / All) Lord_Daleron: mines dead
(22:42 / All) Lord_Daleron: lol needs more impale
(23:01 / Allies) avid.milk2: need gold
(23:03 / Allies) avid.milk2: for a orb
(23:38 / All) Lord_Daleron: u gusy should unsummon ur main
(23:39 / All) Lord_Daleron: fro gold
(23:50 / Allies) Lord_Daleron: stat
(23:53 / Allies) Lord_Daleron: careful
(23:54 / Allies) Lord_Daleron: i have ult
(24:41 / All) Lord_Daleron: you werea ttakcing your abom
(24:42 / All) Lord_Daleron: retard
(25:05 / Allies) Lord_Daleron: fuck sold orb before lgiht was up
(25:07 / Allies) Lord_Daleron: oh well its almost here
(25:34 / Allies) Lord_Daleron: get the air?
(25:38 / Allies) Lord_Daleron: the wyrm
(26:02 / Allies) avid.milk2: lol fail
(26:14 / Allies) Lord_Daleron: yeah get tp
(26:31 / Allies) Lord_Daleron: im gonna invs my wya in
(27:15 / Allies) Lord_Daleron: u ever get the buidlign armor upgrade
(27:17 / Allies) avid.milk2: shade
(27:18 / Allies) Lord_Daleron: its good vs wyrm
(28:10 / Allies) Lord_Daleron: shitw e might lose our edge
(28:12 / Allies) Lord_Daleron: if they mass wyrm
(28:19 / Allies) Lord_Daleron: we gotta stop expos
(28:21 / Allies) Lord_Daleron: and start kililng
(28:59 / Allies) Lord_Daleron: \gio fior other
(29:00 / Allies) Lord_Daleron: other expo
(29:02 / Allies) Lord_Daleron: lure them
(29:13 / Allies) Lord_Daleron: run
(29:30 / Allies) Lord_Daleron: get my night elves potion of no magic
(30:15 / Allies) Lord_Daleron: FGUCIO
(30:29 / Allies) avid.milk2: maybe we should go for their zigs
(30:32 / Allies) avid.milk2: with breath of fire
(31:48 / Allies) Lord_Daleron: yeah lets zig reds town
(31:51 / Allies) Lord_Daleron: heal then staff to me
(32:44 / Allies) Lord_Daleron: b ready to jet
(33:07 / Allies) Lord_Daleron: no tp...
(33:13 / Allies) Lord_Daleron: theyre getting dfed to shit like this
(33:52 / All) Lord_Daleron: u gusy oplay so lame
(33:54 / All) Lord_Daleron: with units
(34:02 / All) roca-unit: u noobs lose
(34:05 / All) roca-unit: gtfo
(34:05 / All) rX-EmcEE: nooblet
(34:05 / All) Lord_Daleron: o rly?
(34:09 / All) Lord_Daleron: i make units then too
(34:10 / All) Lord_Daleron: cheater
(36:55 / Allies) Lord_Daleron: he has impale
(36:57 / Allies) Lord_Daleron: u cant wait till red
(37:17 / All) Lord_Daleron: usnummon ur mains
(37:18 / All) Lord_Daleron: for gold
(37:18 / All) Lord_Daleron: pls
(37:24 / All) Lord_Daleron: ROFL
(37:33 / All) Lord_Daleron: i cant believe you made me cheat and make units
(37:35 / All) Lord_Daleron: faggot
(37:54 / Allies) Lord_Daleron: stay togehter now
(38:00 / Allies) Lord_Daleron: no point wasting tp after tp on their high level heros
(38:11 / Allies) Lord_Daleron: bvreath on dk